 Dungeon Crawl Stone Soup version 0.29-a0-577-gafbf2c5d25 (webtiles) character file.

Game seed: 5947435014616151244

8 DocClef the Sneak (level 2, 0/26 HPs)
             Began as a Draconian Delver on June 13, 2022.
             Slain by a gnoll shaman
             ... wielding a +0 whip
              (7 damage)
             ... on level 5 of the Dungeon.
             The game lasted 00:00:35 (713 turns).

DocClef the Sneak (Draconian Delver)                 Turns: 713, Time: 00:00:36

Health: 0/26       AC:  7    Str: 14    XL:     2   Next: 0%
Magic:  2/2        EV: 12    Int: 10    God:
Gold:   32         SH:  0    Dex: 12    Spells: 1/1 levels left

rFire   . . .      SeeInvis .   a - +0 short sword
rCold   . . .      Faith    .   (no shield)
rNeg    . . .      Spirit   .   (body armour unavailable)
rPois   .          Reflect  .   (helmet restricted)
rElec   .          Harm     .   j - +2 cloak
rCorr   .          Rampage  .   (no gloves)
Will    .....                   (no boots)
Stlth   +++.......              (no amulet)
HPRegen 0.08/turn               (no ring)
MPRegen 0.08/turn               (no ring)

@: no status effects
A: AC +4, unfitting armour, cold-blooded
a: no special abilities


You were on level 5 of the Dungeon.
You visited 1 branch of the dungeon, and saw 2 of its levels.

You collected 32 gold pieces.

Inventory:

Hand Weapons
 a - a +0 short sword (weapon)
Armour
 j - a +2 cloak (worn)
Wands
 f - a wand of digging (3)
 h - a wand of flame (2)
Scrolls
 b - a scroll of fog
 c - a scroll of magic mapping
 d - a scroll of fear
Potions
 e - a potion of haste
 g - a potion of heal wounds {unknown}
 i - a potion of attraction {unknown}


   Skills:
 + Level 3.5 Fighting
 + Level 2.0 Short Blades
 + Level 1.8 Dodging
 + Level 4.8 Stealth


You had one spell level left.
You didn't know any spells.
Your spell library contained the following spells:

 Spells                   Type           Power      Damage    Failure   Level
 Apportation              Tloc           0%         N/A       36%         1
 Necrotize                Necr           0%         1d4       36%         1
 Summon Small Mammal      Summ           0%         N/A       36%         1


Dungeon Overview and Level Annotations

Branches:
Dungeon (6/15)
 Temple: D:4-7

Altars:


Innate Abilities, Weirdness & Mutations

Your plain brown scales are hard. (AC +4)
You cannot fit into any form of body armour.
You are cold-blooded and may be slowed by cold attacks.


Message History

The gnoll shaman calls upon its god to speed up the gnoll.
The gnoll seems to speed up.
You hit the gnoll.
The gnoll is heavily wounded.
The gnoll misses you.
You closely miss the gnoll.
The gnoll is heavily wounded.
The gnoll closely misses you.
You barely miss the gnoll.
You tail-slap the gnoll, but do no damage.
The gnoll is heavily wounded.
You completely miss the gnoll shaman.
The gnoll shouts!
You barely miss the gnoll shaman. The gnoll shaman barely misses you.
You hit the gnoll shaman.
The gnoll shaman is lightly wounded.
The gnoll shaman hits you with a +0 whip.
You closely miss the gnoll shaman.
The gnoll shaman is lightly wounded.
The gnoll shaman hits you with a +0 whip.
You hit the gnoll shaman.
The gnoll shaman is moderately wounded.
The gnoll shaman calls upon its god to heal the gnoll.
The gnoll is healed somewhat.
Unknown command.
You hit the gnoll shaman but do no damage.
The gnoll shaman is moderately wounded.
The gnoll shaman hits you with a +0 whip!
You hit the gnoll shaman.
Your tail-slap misses the gnoll shaman.
The gnoll shaman is moderately wounded.
The gnoll shaman hits you with a +0 whip.
* * * LOW HITPOINT WARNING * * *
You hit the gnoll shaman but do no damage.
The gnoll shaman is moderately wounded.
The gnoll shaman calls upon its god to heal the gnoll.
The gnoll's wounds heal themselves!
You hit the gnoll shaman but do no damage.
The gnoll shaman is moderately wounded.
The gnoll shaman hits you with a +0 whip!
You die...

l....###############
.... ... .
#...###.#.#
.......#. # ...#.(.
... #..#..#
.#..#..#5.#
.......#gg########
...g....ggg@.....##
.......l########..#
......... ##.#
####.##.## #.## #.
#.# ###..# # #.#
.......#.## #..
.#.###.#(.# #....
#...#.# ..# #...#.##


You could see a gnoll shaman, an iguana, 4 gnolls and a white imp.

Vanquished Creatures
  2 worms (D:5)
  A quokka (D:5)
3 creatures vanquished.

Notes
Turn   | Place    | Note
-------+----------+-------------------------------------------
     0 | D:5      | DocClef the Draconian Delver began the quest for the Orb.
     0 | D:5      | Reached XP level 1. HP: 19/19 MP: 1/1
   273 | D:5      | Reached XP level 2. HP: 12/26 MP: 2/2
   713 | D:5      | Slain by a gnoll shaman

Illustrated notes

Levels and vault maps discovered:
D:5:      layout_basic, nicolae_overflow_crystal_walls
D:6:      layout_layer_cave

Action                   || total
-------------------------++-------
Melee: Short sword       ||    38
       Tailslap          ||     5
Armor: Skin              ||     5
Dodge: Dodged            ||    13

Table legend: (Time is in decaauts)
 A = Elapsed time spent in this place.
 B = Non-inter-level travel time spent in this place.
 C = Inter-level travel time spent in this place.
 D = Time resting spent in this place.
 E = Time spent auto-exploring this place.
 F = Levels seen in this place.
 G = Mean time per level.
                   A        B        C        D        E       F      G
               +--------+--------+--------+--------+--------+-----+--------+
         Total |    713 |    662 |     51 |      0 |    535 |   2 |  356.5 |
       Dungeon |    713 |    662 |     51 |      0 |    535 |   2 |  356.5 |
               +--------+--------+--------+--------+--------+-----+--------+

Top non-repeatable levels by time:
     D:5: 495 daAuts
     D:6: 217 daAuts
